 Dungeon Crawl Stone Soup version 0.30.0-3-ga4e48a9924 (webtiles) character file.

Game seed: 3316255851368284347

33387 LustLizard the Geomancer (level 13, -9/78 HPs)
             Began as a Gargoyle Earth Elementalist on May 8, 2023.
             Was an Elder of Vehumet.
             Mangled by a dire elephant (15 damage)
             ... on level 3 of the Lair of Beasts.
             The game lasted 00:30:47 (17073 turns).

LustLizard the Geomancer (GrEE)                    Turns: 17073, Time: 00:30:47

Health: -9/78      AC: 15    Str: 15    XL:     13   Next: 70%
Magic:  6/32       EV: 12    Int: 24    God:    Vehumet [****..]
Gold:   850        SH:  0    Dex: 10    Spells: 3/25 levels left

rFire   . . .        v - +4 demon trident (flame)
rCold   . . .        (no shield)
rNeg    + . .        M - +0 troll leather armour
rPois   ∞            J - +0 helmet
rElec   +            (no cloak)
rCorr   .            (no gloves)
SInv    .            D - +0 pair of boots
Will    .....        (no amulet)
Stlth   ++           C - ring of magical power
HPRegen 1.13/turn    q - +6 ring of intelligence
MPRegen 0.23/turn

%: no passive effects
@: no status effects
A: sickness immunity, AC +9, negative energy resistance 1, electricity
resistance, torment resistance 1, petrification resistance
a: Renounce Religion


You were on level 3 of the Lair of Beasts.
You worshipped Vehumet.
Vehumet was greatly pleased with you.
You visited 3 branches of the dungeon, and saw 18 of its levels.

You collected 1136 gold pieces.
You spent 286 gold pieces at shops.

Inventory:

Hand Weapons
 v - a +4 demon trident of flaming (weapon)
Armour
 j - +0 steam dragon scales
 r - a +2 ring mail of cold resistance
 A - a +2 robe of willpower
 D - a +0 pair of boots (worn)
 I - a +2 buckler
 J - a +0 helmet (worn)
 M - a +0 troll leather armour (worn)
 O - the +2 robe of the King of Pentacles {Will+ Int+3 Dex-5}
   (You found it on level 13 of the Dungeon)

   Int:       It affects your intelligence (+3).
   Dex:       It affects your dexterity (-5).
   Will:      It increases your willpower.
Magical Staves
 s - a staff of death
Jewellery
 d - a ring of see invisible
 l - a ring of willpower
 q - a +6 ring of intelligence (right hand)
 y - a ring of protection from cold
 C - a ring of magical power (left hand)
 P - a +6 ring of intelligence
Wands
 t - a wand of acid (4)
 E - a wand of flame (34)
 H - a wand of iceblast (10)
 K - a wand of charming (4)
Scrolls
 a - 2 scrolls of poison
 e - 7 scrolls of amnesia
 h - 2 scrolls of fog
 i - 3 scrolls of fear
 m - 7 scrolls of teleportation
 w - a scroll of immolation
 z - 4 scrolls of enchant armour
 B - 5 scrolls of blinking
 F - 7 scrolls of magic mapping
 G - a scroll of silence
 L - 2 scrolls of brand weapon
 Q - a scroll of enchant weapon
 R - 2 scrolls of identify
Potions
 b - 2 potions of magic
 c - 2 potions of curing
 f - 2 potions of brilliance
 g - 4 potions of berserk rage
 k - 4 potions of attraction
 n - a potion of resistance
 o - 5 potions of flight
 p - 2 potions of invisibility
 u - 2 potions of mutation
 x - 4 potions of haste
 N - 2 potions of might


   Skills:
 + Level 7.7 Fighting
 + Level 6.3 Polearms
 + Level 4.9 Dodging
 - Level 5.0 Stealth
 - Level 6.0 Shields
 + Level 6.9 Spellcasting
 * Level 11.0 Conjurations
 - Level 3.0 Translocations
 - Level 3.0 Transmutations
 - Level 5.5 Fire Magic
 - Level 2.7 Air Magic
 * Level 12.8 Earth Magic
 - Level 6.0 Poison Magic


You had 3 spell levels left.
You knew the following spells:

 Your Spells              Type           Power      Damage    Failure   Level
a - Sandblast             Erth           100%       2d20      1%          1
b - Stone Arrow           Conj/Erth      100%       3d13      1%          3
c - Blink                 Tloc           44%        N/A       4%          2
d - Mephitic Cloud        Conj/Pois/Air  39%        N/A       1%          3
e - Ignite Poison         Fire/Tmut/Pois 31%        N/A       1%          3
f - Lee's Rapid Deconstr  Erth           31%        3d16*     1%          5
g - Irradiate             Conj/Tmut      21%        3d18      4%          5

Your spell library contained the following spells:

 Spells                   Type           Power      Damage    Failure   Level
 Momentum Strike          Conj/Tloc      82%        3d10      1%          2
 Passwall                 Tmut/Erth      38%        N/A       1%          2
 Poisonous Vapours        Pois/Air       58%        N/A       1%          2
 Dazzling Flash           Conj/Hex       68%        N/A       1%          3
 Hailstorm                Conj/Ice       34%        3d9       1%          3
 Volatile Blastmotes      Fire/Tloc      56%        2d14      1%          3
 Beastly Appendage        Tmut           46%        N/A       2%          1
 Freeze                   Ice            32%        1d5       2%          1
 Wereblood                Tmut           23%        N/A       3%          2
 Lesser Beckoning         Tloc           44%        N/A       4%          2
 Spider Form              Tmut/Pois      30%        N/A       4%          3
 Frozen Ramparts          Ice            16%        1d3       7%          3
 Gell's Gravitas          Tloc           22%        N/A       8%          3
 Teleport Other           Tloc           22%        N/A       8%          3
 Summon Small Mammal      Summ           32%        N/A       9%          1
 Call Canine Familiar     Summ           8%         N/A       26%         3
 Ozocubu's Armour         Ice            8%         N/A       26%         3
 Summon Guardian Golem    Hex/Summ       8%         N/A       26%         3
 Tukima's Dance           Hex            8%         N/A       26%         3
 Flame Wave               Conj/Fire      47%        2d12      1%          4
 Iskenderun's Mystic Bla  Conj/Tloc      41%        2d9       1%          4
 Sticky Flame             Conj/Fire      47%        2d6       1%          4
 Petrify                  Tmut/Erth      46%        N/A       3%          4
 Freezing Cloud           Conj/Ice/Air   15%        6-21      11%         5
 Starburst                Conj/Fire      23%        6d8       13%         6
 Passage of Golubria      Tloc           22%        N/A       26%         4
 Yara's Violent Unravell  Hex/Tmut       7%         3d5       32%         5
 Cause Fear               Hex            4%         N/A       65%         4
 Dragon Form              Tmut           11%        N/A       100%        7
 Ozocubu's Refrigeration  Ice            4%         4d8       100%        7
 Ignition                 Fire           17%        3d7       100%        8
 Dragon's Call            Summ           4%         N/A       100%        9
 Cigotuvi's Dreadful Rot  Necr/Pois/Air  Unusable   N/A       N/A         2

Dungeon Overview and Level Annotations

Branches:
Dungeon (14/15)            Temple (1/1) D:5            Lair (3/5) D:10
 Shoals (0/4) Lair:2          Orc (0/2) D:10
  Snake: Lair:2-3    Spider: Lair:2-3    Vaults: D:13-14

Altars:
Ashenzari
Cheibriados
Dithmenos
Elyvilon
Fedhas
Gozag
Hepliaklqana
Kikubaaqudgha
Makhleb
Nemelex Xobeh
Okawaru
Qazlal
Ru
Sif Muna
Trog
Uskayaw
Vehumet
Wu Jian
Xom
Yredelemnul
Zin
The Shining One

Shops:
D:7 :   D:8 =   D:13 (

Annotations:
D:10 exclusion: vault guard
D:11 3 runed translucent doors, Daunt's ghost, journeyman TrWn
D:13 exclusion: 2 centaur warriors


Innate Abilities, Weirdness & Mutations

You are immune to sickness and miasma.
Your stone body is resilient. (AC +9)
You are immune to poison.
You resist negative energy. (rN+)
You are resistant to electric shocks. (rElec)
You are resistant to unholy torment.
You are immune to petrification.


Message History

The dire elephant trunk-slaps you.
Casting: Stone Arrow (safe; 1% risk of failure)
Confirm with . or Enter, or press ? or * to list all spells.
Aiming: Stone Arrow (safe; 1% risk of failure)
Press: ? - help, Shift-Dir - straight line, f/p - dire elephant
Aim: a dire elephant (heavily wounded, 100% to hit)
The stone arrow hits the dire elephant!!
The dire elephant is severely wounded.
The dire elephant tramples you!
You hold your ground!
The dire elephant trunk-slaps you but does no damage.
Casting: Stone Arrow (safe; 1% risk of failure)
Confirm with . or Enter, or press ? or * to list all spells.
Aiming: Stone Arrow (safe; 1% risk of failure)
Press: ? - help, Shift-Dir - straight line, f/p - dire elephant
Aim: a dire elephant (severely wounded, 100% to hit)
The stone arrow hits the dire elephant!
The dire elephant is severely wounded.
The dire elephant tramples you!!
You hold your ground!
The dire elephant trunk-slaps you.
* * * LOW HITPOINT WARNING * * *
Casting: Stone Arrow (safe; 1% risk of failure)
Confirm with . or Enter, or press ? or * to list all spells.
Aiming: Stone Arrow (safe; 1% risk of failure)
Press: ? - help, Shift-Dir - straight line, f/p - dire elephant
Aim: a dire elephant (severely wounded, 100% to hit)
The stone arrow hits the dire elephant!
The dire elephant is almost dead.
The dire elephant tramples you!
* * * LOW HITPOINT WARNING * * *
You hold your ground!
The dire elephant trunk-slaps you.
* * * LOW HITPOINT WARNING * * *
Casting: Stone Arrow (safe; 1% risk of failure)
Confirm with . or Enter, or press ? or * to list all spells.
Aiming: Stone Arrow (safe; 1% risk of failure)
Press: ? - help, Shift-Dir - straight line, f/p - dire elephant
Aim: a dire elephant (almost dead, 100% to hit)
The stone arrow hits the dire elephant!
The dire elephant is almost dead.
The dire elephant tramples you!
You die...

##PP..#..##
###.........###
##...#######...###
......########...##
..#####≈≈≈≈≈≈≈.#..#
.#.# #≈≈≈≈~≈≈≈≈#.##
..## #≈≈~...≈≈≈≈.#
..# ##≈~.....~≈≈.#
### #≈≈≈[.#....Y@#
# #≈≈≈.†##.....#
#≈≈.F###P....#
#≈~..# ###.##.#
#≈≈~.. ### ##
#≈≈Y.. ##≈~..#
#≈≈≈.. #≈≈≈..


You could see a dire elephant.

Vanquished Creatures
  A rakshasa (D:13)
  Erolcha (D:11)
  4 hydras
  A boulder beetle (D:13)
  3 two-headed ogres
  A catoblepas (Lair:3)
  Lodul (D:13)
  Pikel (D:7)
  3 harpies (Lair:2)
  2 manticores
  2 deep elf pyromancers
  A cyclops (D:13)
  4 centaur zombies (D:8)
  3 black mambas
  3 cane toads
  3 tengu conjurers (D:13)
  A rime drake (Lair:2)
  2 komodo dragons
  3 centaur skeletons (D:8)
  A kobold demonologist (D:12)
  A hellwing (D:8)
  3 trolls
  17 blink frogs
  A spriggan (Lair:1)
  4 wyverns
  25 yaks
  3 wraiths
  A vampire (D:10)
  6 basilisks
  4 vampire mosquitoes (D:11)
  Grum (D:9)
  A steam dragon (D:10)
  4 acid dragons
  9 water moccasins
  2 ice beasts
  2 orc warriors (D:8)
  3 sky beasts
  4 black bears
  10 wolves
  3 centaurs
  9 ogres
  A lemure (D:7)
  A phantom (D:5)
  6 bullfrogs
  2 kobold brigands
  2 gnoll sergeants
  4 howler monkeys
  An electric eel (D:6)
  A crimson imp (D:5)
  8 orc priests
  4 hounds
  A jelly (D:7)
  2 gnoll boudas
  3 sleepcaps
  9 iguanas
  Ijyb (D:3)
  10 orc wizards
  18 gnolls
  7 adders
  6 shadow imps
  3 white imps
  An ufetubus (D:4)
  2 worms
  29 orcs
  6 bats
  5 endoplasms
  3 giant cockroaches
  3 goblins (D:2)
  8 hobgoblins
  11 jackals
  8 kobolds
  7 quokkas
  4 ball pythons
  2 frilled lizards
  4 rats
337 creatures vanquished.

Vanquished Creatures (others)
  6 fungi
  27 plants
  5 withered plants (D:8)
38 creatures vanquished.

Grand Total: 375 creatures vanquished

Notes
Turn   | Place    | Note
-------+----------+-------------------------------------------
     0 | D:1      | LustLizard the Gargoyle Earth Elementalist began the quest
                  | for the Orb.
     0 | D:1      | Reached XP level 1. HP: 10/10 MP: 3/3
   248 | D:1      | Reached XP level 2. HP: 13/16 MP: 0/5
   451 | D:1      | Reached skill level 4 in Earth Magic
   645 | D:1      | Found a faded altar of an unknown god.
   968 | D:1      | Reached skill level 1 in Fighting
  1237 | D:2      | Reached XP level 3. HP: 20/20 MP: 3/6
  1244 | D:2      | Learned a level 3 spell: Stone Arrow
  1247 | D:2      | Learned a level 2 spell: Blink
  1622 | D:2      | Reached skill level 1 in Conjurations
  1622 | D:2      | Reached XP level 4. HP: 25/25 MP: 2/7
  2482 | D:3      | Noticed Ijyb
  2763 | D:3      | Killed Ijyb
  2764 | D:3      | Reached XP level 5. HP: 11/29 MP: 4/8
  3050 | D:3      | Reached skill level 1 in Translocations
  3157 | D:4      | Reached skill level 5 in Earth Magic
  3161 | D:4      | Reached XP level 6. HP: 19/35 MP: 2/10
  3176 | D:4      | Reached skill level 1 in Polearms
  3720 | D:4      | Reached XP level 7. HP: 40/40 MP: 7/11
  4125 | D:5      | Entered Level 5 of the Dungeon
  4329 | D:5      | Found a staircase to the Ecumenical Temple.
  4337 | D:5      | Reached skill level 6 in Earth Magic
  4341 | Temple   | Entered the Ecumenical Temple
  4577 | Temple   | Became a worshipper of Vehumet
  4637 | D:5      | Learned a level 3 spell: Mephitic Cloud
  4734 | D:5      | Reached skill level 1 in Transmutations
  4855 | D:5      | Reached XP level 8. HP: 45/45 MP: 9/12
  4959 | D:5      | Found a shimmering altar of Xom.
  4959 | D:5      | Found a burning altar of Makhleb.
  5138 | D:6      | Reached skill level 1 in Poison Magic
  5502 | D:6      | Reached skill level 1 in Air Magic
  5653 | D:6      | Reached * piety under Vehumet
  5653 | D:6      | Offered knowledge of Magic Dart by Vehumet.
  6513 | D:7      | Found Geos Rie's Book Shoppe.
  6518 | D:7      | Bought a Trismegistus Codex for 286 gold pieces
  6522 | D:7      | Learned a level 3 spell: Ignite Poison
  6635 | D:7      | Noticed Pikel
  6653 | D:7      | Reached skill level 7 in Earth Magic
  6653 | D:7      | Reached XP level 9. HP: 51/51 MP: 9/14
  6663 | D:7      | Killed Pikel
  6664 | D:7      | Reached skill level 5 in Conjurations
  6664 | D:7      | Reached skill level 1 in Fire Magic
  6937 | D:7      | Found a sacrificial altar of Ru.
  7289 | D:8      | Reached skill level 5 in Stealth
  7503 | D:8      | Noticed a hellwing
  7514 | D:8      | Offered knowledge of Foxfire by Vehumet.
  7780 | D:8      | Reached ** piety under Vehumet
  7953 | D:8      | Reached skill level 8 in Earth Magic
  7953 | D:8      | Reached XP level 10. HP: 52/56 MP: 16/16
  8333 | D:8      | Found Jaofesekk's Jewellery Emporium.
  8534 | D:9      | Found an ornate altar of the Wu Jian Council.
  8535 | D:9      | Found a stormy altar of Qazlal.
  8536 | D:9      | Found a white marble altar of Elyvilon.
  8536 | D:9      | Found an ancient bone altar of Kikubaaqudgha.
  8562 | D:9      | Reached skill level 5 in Poison Magic
  8615 | D:9      | Noticed a two-headed ogre
  8622 | D:9      | Killed a two-headed ogre
  8623 | D:9      | Reached skill level 5 in Fighting
  8623 | D:9      | Reached skill level 9 in Earth Magic
  8799 | D:9      | Found a snail-covered altar of Cheibriados.
  8799 | D:9      | Noticed Grum
  8802 | D:9      | Reached XP level 11. HP: 63/63 MP: 18/18
  8897 | D:9      | Killed Grum
  9097 | D:10     | Entered Level 10 of the Dungeon
  9140 | D:10     | Found a staircase to the Orcish Mines.
  9299 | D:10     | Reached skill level 5 in Fire Magic
  9363 | D:10     | Offered knowledge of Static Discharge by Vehumet.
  9474 | D:10     | Reached skill level 5 in Spellcasting
  9710 | D:10     | Found a staircase to the Lair.
  9944 | D:10     | Reached *** piety under Vehumet
 10633 | D:10     | Noticed a vault guard
 10874 | D:11     | Reached skill level 10 in Earth Magic
 11012 | D:11     | Noticed a manticore
 11019 | D:11     | Killed a manticore
 11143 | D:11     | Found a runed translucent gate.
 11143 | D:11     | Found a runed translucent gate.
 11145 | D:11     | Found a runed translucent gate.
 11153 | D:11     | Noticed Daunt's ghost (journeyman TrWn)
 11176 | D:11     | Offered knowledge of Flame Wave by Vehumet.
 11182 | D:11     | Learned a level 4 spell: Flame Wave
 11478 | D:11     | Noticed Erolcha
 11484 | D:11     | Killed Erolcha
 11999 | D:12     | Noticed a white ugly thing
 12228 | D:12     | Noticed a two-headed ogre
 12231 | D:12     | Killed a two-headed ogre
 12232 | D:12     | Reached skill level 1 in Shields
 12232 | D:12     | Reached XP level 12. HP: 70/70 MP: 20/20
 12244 | D:12     | Noticed a two-headed ogre
 12464 | D:12     | Reached skill level 5 in Polearms
 12613 | D:12     | Killed a two-headed ogre
 12697 | D:12     | You fall into a shaft and drop 2 floors!
 13353 | D:13     | Noticed Lodul
 13357 | D:13     | Reached **** piety under Vehumet
 13367 | D:13     | Killed Lodul
 13368 | D:13     | Reached skill level 11 in Earth Magic
 13421 | D:13     | Found a hazy altar of Hepliaklqana.
 13424 | D:13     | Noticed a centaur warrior
 13472 | D:13     | Identified the +2 robe of the King of Pentacles {Will+
                  | Int+3 Dex-5}
 13504 | D:13     | Found Vadwyoho's Weapon Boutique.
 13757 | D:13     | Noticed a boulder beetle
 13774 | D:13     | Killed a boulder beetle
 13881 | D:13     | Offered knowledge of Irradiate by Vehumet.
 13888 | D:13     | Learned a level 5 spell: Irradiate
 13917 | D:13     | Noticed a rakshasa
 13931 | D:13     | Killed a rakshasa
 14109 | D:13     | Noticed a centaur warrior
 14513 | Lair:1   | Entered Level 1 of the Lair of Beasts
 14847 | Lair:1   | Reached skill level 10 in Conjurations
 14847 | Lair:1   | Reached XP level 13. HP: 59/76 MP: 16/22
 15186 | Lair:1   | Reached skill level 5 in Shields
 15221 | Lair:1   | Reached skill level 12 in Earth Magic
 15230 | Lair:1   | Reached ***** piety under Vehumet
 15542 | Lair:2   | Offered knowledge of Lee's Rapid Deconstruction by Vehumet.
 15554 | Lair:2   | Learned a level 5 spell: Lee's Rapid Deconstruction
 15948 | Lair:2   | Found a staircase to the Shoals.
 17054 | Lair:3   | Noticed a dire elephant
 17073 | Lair:3   | Mangled by a dire elephant

Illustrated notes

Levels and vault maps discovered:
D:1:      dpeg_arrival_tiny_c, layout_loops_corners, serial_forest,
          infiniplex_forest_lined_room_2, infiniplex_forest_straight_5,
          infiniplex_forest_lined_3, infiniplex_forest_clump_long,
          infiniplex_forest_straight_3, shapermc_ecumenical_altar_mp_ritualfount
D:2:      layout_loops_ring
D:3:      layout_basic, guppyfry_early_lair_pool, uniq_ijyb
D:4:      layout_loops_ring
D:5:      layout_rooms, grunt_temple_overflow_champion_of_chaos,
          minmay_temple_entry_statues_fountains, st_stairs_8,
          minmay_strange_pillars, fountainhead, kennysheep_big_empty_room
D:6:      layout_basic, grunt_ministairs_3, kennysheep_cross_bottleneck
D:7:      layout_rooms, mainiacjoe_overflow_24_doors, serial_shops, shop,
          chequers_mini_garden, corner_web_ring, chequers_hall_statues_corner_a,
          uniq_pikel
D:8:      cheibrodos_grave_circle, layout_basic,
          minmay_shop_enchanted_jewellery, grunt_ministairs_1
D:9:      layout_cave_pools, chequers_temple_overflow_statue_of_worship,
          slow_altar_1, uniq_grum
D:10:     layout_loops_corners, minmay_lair_entry_grove, enter_trove_5
D:11:     layout_basic, biasface_ghost_orc_armoury, uniq_erolcha
D:12:     layout_long_grid
D:13:     layout_stronghold, serial_shops, shop,
          nicolae_hepliaklqana_hazy_memory, uniq_lodul
D:14:     statuecave_lemuel, layout_long_grid, david_vaults_4, chequers_garden
Temple:   dpeg_chambers_temple
Lair:1:   layout_loops_ring, grunt_forest_large_clearing_hut
Lair:2:   layout_roguey, nicolae_shoals_entry_roost, grunt_megastairs_3,
          lemuel_fruit_tree
Lair:3:   layout_roguey, dummy_snake_entry, nicolae_lair_lakeside_cave

Skill      XL: |  1  2  3  4  5  6  7  8  9 10 11 12 13 |
---------------+----------------------------------------+-----
Earth Magic    | 4 5 6 7 8 9 10 11 12 | 12.8
Fighting       | 1 2 3 4 5 6 7 |  7.7
Conjurations   | 1 2 3 4 5 7 8 10 11 | 11.0
Stealth        | 3 4 5 |  5.0
Translocations | 1 2 3 |  3.0
Polearms       | 1 2 3 4 5 6 |  6.3
Spellcasting   | 3 4 5 6 |  6.9
Transmutations | 1 2 3 |  3.0
Poison Magic   | 2 3 5 6 |  6.0
Air Magic      | 2 |  2.7
Fire Magic     | 3 4 5 |  5.5
Dodging        | 3 4 |  4.9
Shields        | 1 4 6 |  6.0

Action                     |  1- 3 |  4- 6 |  7- 9 | 10-12 | 13-15 || total
---------------------------+-------+-------+-------+-------+-------++-------
  Melee: Rapier            |    18 |       |       |       |       ||    18
         Whip              |     2 |       |       |       |       ||     2
         Demon trident     |       |    22 |    12 |    95 |    12 ||   141
   Cast: Sandblast         |    46 |    78 |   186 |   181 |   112 ||   603
         Stone Arrow       |       |       |    20 |   102 |    40 ||   162
         Mephitic Cloud    |       |       |       |    21 |     2 ||    23
         Ignite Poison     |       |       |       |    11 |     1 ||    12
         Irradiate         |       |       |       |     1 |       ||     1
    Use: Potion            |       |     4 |       |       |     1 ||     5
         Scroll            |       |     3 |     9 |    12 |     2 ||    26
   Stab: Sleeping          |       |       |     1 |       |       ||     1
         Distracted        |       |       |       |       |     1 ||     1
 Armour: Leather armour    |    19 |       |       |       |       ||    19
         Ring mail         |       |    33 |    10 |       |       ||    43
         Robe              |       |       |    67 |    21 |       ||    88
         Steam dragon scal |       |       |       |    50 |       ||    50
         Troll leather arm |       |       |       |    24 |    55 ||    79
  Dodge: Dodged            |    37 |    28 |    57 |   134 |    57 ||   313
